 Dungeon Crawl Stone Soup version 0.22-a0-423-g4197694 (webtiles) character file.

78 emperorscorpion the Skirmisher (level 4, -3/41 HPs)
             Began as a Minotaur Berserker on May 23, 2018.
             Was a Believer of Trog.
             Killed by nerve-wracking pain
             ... invoked by Grinder
              (9 damage)
             ... on level 3 of the Dungeon.
             The game lasted 00:01:31 (987 turns).

emperorscorpion the Skirmisher (Minotaur Berserker)  Turns: 987, Time: 00:01:32

Health: -3/41      AC:  9    Str: 23    XL:     4   Next: 15%
Magic:  3/3        EV:  9    Int:  4    God:    Trog [**....]
Gold:   55         SH:  0    Dex:  9    Spells: 3/3 levels left

rFire    . . .     SeeInvis .   a - +0 falchion
rCold    . . .     Gourm    .   (no shield)
rNeg     . . .     Faith    .   g - +0 chain mail
rPois    .         Spirit   .   (helmet restricted)
rElec    .         Reflect  .   (no cloak)
rCorr    .         Harm     .   (no gloves)
MR       .....                  (no boots)
Stlth    ..........             (no amulet)
HPRegen  0.13/turn              (no ring)
MPRegen  0.08/turn              (no ring)

@: berserk cooldown, slowed, very slow
A: retaliatory headbutt, horns 2
a: Berserk, Trog's Hand, Renounce Religion


You were on level 3 of the Dungeon.
You worshipped Trog.
Trog was pleased with you.
You were very hungry.

You visited 1 branch of the dungeon, and saw 3 of its levels.

You collected 55 gold pieces.

Inventory:

Hand Weapons
 a - a +0 falchion (weapon)
Armour
 b - a +0 animal skin
 g - a +0 chain mail (worn)
Scrolls
 e - a scroll of fear {unknown}
 f - a scroll of magic mapping {unknown}
 h - 2 scrolls of teleportation {unknown}
Comestibles
 c - 5 rations
 d - 5 chunks of flesh


   Skills:
 + Level 4.7 Fighting
 + Level 4.7 Long Blades
 + Level 3.0 Armour
 + Level 2.5 Dodging


You had 3 spell levels left.
You didn't know any spells.
Your spell library was empty.

Dungeon Overview and Level Annotations

Branches:
Dungeon (3/15)

Altars:
Dithmenos

Annotations:
D:3 Grinder


Innate Abilities, Weirdness & Mutations

You reflexively headbutt those who attack you in melee.
You have a pair of horns on your head.


Message History

Grinder gestures at you.
You barely resist.
You are too injured to fight recklessly!
You are too injured to fight recklessly!
Your chain mail prevents you from hitting Grinder.
Grinder is severely wounded.
Grinder hits you. x2
* * * LOW HITPOINT WARNING * * *
You writhe in agony.
* * * LOW HITPOINT WARNING * * *
Unknown command.
You aren't carrying any potions.
You closely miss Grinder. Your headbutt misses Grinder.
Grinder is severely wounded.
Grinder barely misses you. You furiously retaliate!
You headbutt Grinder! You closely miss Grinder. Your headbutt misses Grinder.
Grinder is almost dead.
Grinder gestures at you. Pain shoots through your body!
You die...

# #.
#.###
#...#
#.# #.#
#.# #@#
#5# #.#
#.# #.#
#.# #
#.### #
#...# #
#####.#


You could see Grinder.

Vanquished Creatures
  A bullfrog skeleton (D:2)
  An adder (D:2)
  A worm (D:3)
  A dart slug (D:2)
  A leopard gecko (D:2)
  4 bats
  2 giant cockroaches
  4 goblins (D:2)
  6 hobgoblins
  2 jackals (D:2)
  2 quokkas
  A ball python (D:2)
  3 kobolds (D:2)
  5 rats
34 creatures vanquished.

Notes
Turn   | Place    | Note
-------+----------+-------------------------------------------
     0 | D:1      | emperorscorpion the Minotaur Berserker began the quest for the Orb.
     0 | D:1      | Reached XP level 1. HP: 19/19 MP: 0/0
   324 | D:2      | Found a shadowy altar of Dithmenos.
   337 | D:1      | Reached XP level 2. HP: 27/27 MP: 1/1
   591 | D:2      | Reached XP level 3. HP: 34/34 MP: 2/2
   592 | D:2      | Reached ** piety under Trog
   823 | D:2      | Reached XP level 4. HP: 41/41 MP: 3/3
   975 | D:3      | Noticed Grinder
   987 | D:3      | Killed from afar by Grinder

Vault maps used:
D:1:      mushboom_english_gardens, minmay_distorted
D:2:      lemuel_crystal_altar, uniq_robin
D:3:      nemelex_xobeh_ov_fountains_minmay, kennysheep_generic_room_14,
          uniq_jessica, uniq_grinder

Skill      XL: |  1  2  3  4 |
---------------+-------------+-----
Fighting       | 4 |  4.7
Long Blades    | 4 |  4.7
Armour         | 3 |  3.0
Dodging        | |  2.5

Action                   |  1- 3 |  4- 6 || total
-------------------------+-------+-------++-------
Melee: Falchion          |    56 |    20 ||    76
       Headbutt          |    10 |     4 ||    14
Invok: Berserk           |     2 |     1 ||     3
  Eat: Chunk             |     2 |       ||     2
Armor: Chain mail        |    28 |     4 ||    32
Dodge: Dodged            |    22 |    17 ||    39
       Rpst.: Falchion   |     6 |     4 ||    10

Table legend:
 A = Spawn XP
 B = Non-spawn XP
 C = Spawn XP percentage of total XP
 D = Spawn monster count
 E = Non-spawn monster count
 F = Spawn count percentage of total count
 G = Total turns spent on level
                    A         B        C        D         E        F      G
               +---------+---------+-------+---------+---------+-------+---------
         Total |       0 |     112 |   0.0 |       0 |      34 |   0.0 |   987
               +---------+---------+-------+---------+---------+-------+---------
           D:1 |       0 |       8 |   0.0 |       0 |       5 |   0.0 |   185
           D:2 |       0 |      97 |   0.0 |       0 |      27 |   0.0 |   730
           D:3 |       0 |       7 |   0.0 |       0 |       2 |   0.0 |    72
               +---------+---------+-------+---------+---------+-------+---------
